 Dungeon Crawl Stone Soup version 0.23.2-40-g277498a001 (webtiles) character file.

Game seed: 8851641570510212004

113 Descartes the Shield-Bearer (level 5, -3/42 HPs)
             Began as a Formicid Fighter on Oct 6, 2019.
             Killed from afar by a white imp (6 damage)
             ... with a puff of frost
             ... summoned by Natasha
             ... on level 2 of the Dungeon.
             The game lasted 00:03:44 (1593 turns).

Descartes the Shield-Bearer (Formicid Fighter)      Turns: 1593, Time: 00:03:45

Health: -3/42      AC:  7    Str: 20    XL:     5   Next: 17%
Magic:  7/7        EV:  8    Int:  9    God:
Gold:   91         SH:  9    Dex: 10    Spells: 7/7 levels left

rFire    + . .     SeeInvis +   a - +0 war axe
rCold    . . .     Gourm    .   c - +0 shield
rNeg     . . .     Faith    .   b - +0 scale mail
rPois    .         Spirit   .   (helmet unavailable)
rElec    .         Reflect  .   (no cloak)
rCorr    .         Harm     .   (no gloves)
MR       .....                  (no boots)
Stlth    ..........             (no amulet)
HPRegen  0.14/turn              h - ring of protection from fire
MPRegen  0.10/turn              (no ring)

@: no status effects
A: permanent stasis, dig shafts and tunnels, four strong arms, antennae 3
a: Dig, Shaft Self


You were on level 2 of the Dungeon.
You were not hungry.

You visited 1 branch of the dungeon, and saw 2 of its levels.

You collected 91 gold pieces.

Inventory:

Hand Weapons
 a - a +0 war axe (weapon)
Missiles
 i - 57 stones
 o - 6 tomahawks of returning (quivered)
 w - 13 arrows
 x - 6 poisoned needles
Armour
 b - a +0 scale mail (worn)
 c - a +0 shield (worn)
Jewellery
 h - a ring of protection from fire (left hand)
 v - a cursed ring of attention {unknown}
Scrolls
 e - a scroll of enchant armour {unknown}
 j - 4 scrolls of identify {unknown}
 k - 2 scrolls of remove curse {unknown}
 n - a scroll of enchant weapon {unknown}
 q - 3 scrolls of blinking {unknown}
 s - a scroll of random uselessness {unknown}
 t - a scroll of magic mapping {unknown}
Potions
 d - a potion of might
 l - a potion of degeneration {unknown}
 m - 2 potions of curing {unknown}
 p - a potion of heal wounds {unknown}
 r - 2 potions of flight {unknown}
 u - a potion of haste {unknown}
Comestibles
 f - 3 rations
 g - 7 chunks of flesh


   Skills:
 + Level 3.8 Fighting
 - Level 2.0 Axes
 + Level 3.8 Armour
 + Level 2.1 Stealth
 * Level 4.8 Shields
 + Level 1.6 Spellcasting


You had 7 spell levels left.
You didn't know any spells.
Your spell library was empty.

Dungeon Overview and Level Annotations

Branches:
Dungeon (2/15)

Altars:

Annotations:
D:2 Natasha


Innate Abilities, Weirdness & Mutations

You cannot be hasted, slowed, berserked, paralysed or teleported.
You can dig through walls and to a lower floor.
Your four strong arms can wield two-handed weapons with a shield.
You have a pair of large antennae on your head. (SInv)


Message History

Natasha barely misses you.
The white imp hits you but does no damage.
You hit Natasha.
Natasha is heavily wounded.
You slash the white imp! Natasha claws you. The white imp gestures at you.
The puff of frost hits you!
* * * LOW HITPOINT WARNING * * *
You closely miss Natasha.
Natasha is heavily wounded.
Your scale mail prevents you from hitting the white imp.
Natasha claws you.
* * * LOW HITPOINT WARNING * * *
You block the white imp's attack. Natasha casts a spell at you.
You resist with some effort.
An adder comes into view.
The white imp gestures at you. The puff of frost hits you.
You die...

.#######.........##.. {
.......#######S.#################
.......# #.................).
.......#######.##..........######
................#.########.#.....
.................................
.......###.###..#'#..........####
.......'....<...h5..(........# #
.......###.###..@............# #
.............................#
#####..###.####..............#
#.............#+#..........#
#÷##.###.##... #..........#
##'##..##.##.#####......÷...#
#...##.##.##.#.)........#.#.#
#...# ..#.##.#............#.#
##...# #.#.##.#.############.#


You could see Natasha, an adder (wandering) and a white imp.

Vanquished Creatures
  Natasha (D:2)
  Terence (D:2)
  An adder (D:2)
  An ooze (D:1)
  A dart slug (D:1)
  3 leopard geckos (D:1)
  2 giant cockroaches
  6 goblins
  7 hobgoblins
  2 jackals (D:1)
  5 kobolds
  6 bats
  3 frilled lizards
  7 rats
46 creatures vanquished.

Notes
Turn   | Place    | Note
-------+----------+-------------------------------------------
     0 | D:1      | Descartes the Formicid Fighter began the quest for the Orb.
     0 | D:1      | Reached XP level 1. HP: 18/18 MP: 1/1
   180 | D:1      | You fall through a shaft!
   226 | D:2      | Reached XP level 2. HP: 18/24 MP: 2/2
   440 | D:2      | Reached skill level 1 in Stealth
   485 | D:2      | Reached skill level 4 in Shields
   485 | D:2      | Reached XP level 3. HP: 19/29 MP: 3/3
   687 | D:2      | Noticed Terence
   701 | D:2      | Killed Terence
   701 | D:2      | Reached skill level 1 in Spellcasting
   701 | D:2      | Reached XP level 4. HP: 13/37 MP: 3/5
   923 | D:2      | Noticed Natasha
   935 | D:2      | Killed Natasha
   968 | D:2      | Noticed Natasha
  1184 | D:1      | Reached XP level 5. HP: 42/42 MP: 7/7
  1593 | D:2      | Killed from afar by a white imp

Skill      XL: |  1  2  3  4 |
---------------+-------------+-----
Stealth        | 1 2 |  2.1
Shields        | 4 |  4.8
Spellcasting   | 1 |  1.6
Fighting       | |  3.8
Axes           | |  2.0
Armour         | |  3.8

Action                   |  1- 3 |  4- 6 || total
-------------------------+-------+-------++-------
Melee: War axe           |    53 |    79 ||   132
  Eat: Chunk             |       |     2 ||     2
Armor: Scale mail        |    16 |    37 ||    53
Dodge: Dodged            |    21 |    22 ||    43
Block: Shield            |    29 |    50 ||    79
